 Dungeon Crawl Stone Soup version 0.23.2-30-g0e89c35649 (webtiles) character file.

Game seed: 462706801904110006

831 Ivernyr the Magician (level 7, -8/51 HPs)
             Began as a Gnoll Wizard on June 14, 2019.
             Was a Believer of Cheibriados.
             Mangled by an ice beast (13 damage)
             ... on level 4 of the Dungeon.
             The game lasted 00:23:24 (5218 turns).

Ivernyr the Magician (Gnoll Wizard)                 Turns: 5218, Time: 00:23:24

Health: -8/51      AC:  5    Str: 13    XL:     7   Next: 98%
Magic:  2/18       EV: 15    Int: 29    God:    Cheibriados [**....]
Gold:   187        SH:  0    Dex: 17    Spells: 12/21 levels left

rFire    . . .     SeeInvis .   e - +0 trident
rCold    . . .     Gourm    .   (no shield)
rNeg     . . .     Faith    .   a - +2 robe {MR+}
rPois    .         Spirit   .   b - +0 hat
rElec    .         Reflect  .   (no cloak)
rCorr    .         Harm     .   (no gloves)
MR       +....                  i - +0 pair of boots
Stlth    +++.......             (no amulet)
HPRegen  0.17/turn              o - +2 ring of intelligence
MPRegen  0.16/turn              (no ring)

@: very slow
A: distributed training, fangs 1, strong nose
a: Bend Time, Renounce Religion


You were on level 4 of the Dungeon.
You worshipped Cheibriados.
Cheibriados was pleased with you.
You were not hungry.

You visited 1 branch of the dungeon, and saw 5 of its levels.

You collected 187 gold pieces.

Inventory:

Hand Weapons
 e - a +0 trident (weapon)
Armour
 a - a +2 robe of magic resistance (worn)
 b - a +0 hat (worn)
 i - a +0 pair of boots (worn)
Jewellery
 o - a +2 ring of intelligence (left hand)
Scrolls
 c - 2 scrolls of amnesia {unknown}
 g - 3 scrolls of magic mapping {unknown}
 h - 3 scrolls of identify {unknown}
 j - 2 scrolls of fear {unknown}
 k - 2 scrolls of remove curse {unknown}
 l - a scroll of immolation {unknown}
 m - a scroll of blinking {unknown}
 q - 2 scrolls of teleportation {unknown}
 r - a scroll of random uselessness {unknown}
Potions
 f - a potion of degeneration {unknown}
 n - a potion of curing {unknown}
 p - a potion of magic {unknown}
 s - a potion of agility {unknown}
Comestibles
 d - 6 rations


   Skills:
 + Level 2.7 Fighting
 + Level 2.7 Short Blades
 + Level 2.7 Long Blades
 + Level 2.7 Axes
 + Level 2.7 Maces & Flails
 + Level 2.7 Polearms
 + Level 2.7 Staves
 + Level 2.7 Slings
 + Level 2.7 Bows
 + Level 2.7 Crossbows
 + Level 2.7 Throwing
 + Level 2.7 Armour
 + Level 5.4 Dodging
 + Level 5.0 Stealth
 + Level 2.7 Shields
 + Level 2.7 Unarmed Combat
 + Level 7.7 Spellcasting
 + Level 3.1 Conjurations
 + Level 2.2 Hexes
 + Level 2.2 Charms
 + Level 3.1 Summonings
 + Level 2.2 Necromancy
 + Level 3.1 Translocations
 + Level 2.2 Transmutations
 + Level 2.2 Fire Magic
 + Level 2.2 Ice Magic
 + Level 2.2 Air Magic
 + Level 2.2 Earth Magic
 + Level 2.2 Poison Magic
 + Level 3.0 Invocations
 + Level 2.7 Evocations


You had 12 spell levels left.
You knew the following spells:

 Your Spells              Type           Power        Failure   Level  Hunger
a - Magic Dart            Conj           ####         1%          1    None
b - Blink                 Tloc           N/A          1%          2    None
c - Conjure Flame         Conj/Fire      ####....     4%          3    None
d - Mephitic Cloud        Conj/Pois/Air  ####....     4%          3    None

Your spell library contained the following spells:

 Spells                   Type           Power        Failure   Level  Hunger
 Call Imp                 Summ           ####....     1%          2    None
 Slow                     Hex            ###.....     2%          2    None


Dungeon Overview and Level Annotations

Branches:
Dungeon (5/15)
 Temple: D:4-7

Altars:
Cheibriados
Elyvilon
Hepliaklqana
Vehumet
The Shining One


Innate Abilities, Weirdness & Mutations

Your experience applies equally to all skills.
You have very sharp teeth.
Your uncanny sense of smell can sniff out nearby items.


Message History

Attack whom?
Press: ? - help, Dir - move target cursor, f/p - ice beast
Aim: an ice beast (almost dead)
You reach to attack!
You barely miss the ice beast.
The ice beast is almost dead.
Attack whom?
Press: ? - help, Dir - move target cursor, f/p - ice beast
Aim: an ice beast (almost dead)
You closely miss the ice beast.
The ice beast is almost dead.
The ice beast closely misses you.
Attack whom?
Press: ? - help, Dir - move target cursor, f/p - ice beast
Aim: an ice beast (almost dead)
You closely miss the ice beast.
The ice beast is almost dead.
The ice beast hits you.
* * * LOW HITPOINT WARNING * * *
The ice beast freezes you!
You die...

..##..........##.#
########...#.
..##..........##.#
#............
..##..........##.#
#.######.####
..##..........##.#
#.#..........
..##..........##.#
#.#.####...#.
####..........##.#
#.#.# #...#)
#..........##.#
#.#.# #...#.
#############Y#
#.#.# #...#. #@#
#.#.####...#. #.#
#.#...##...#. #.#
#..........#.
#.########.##...#.
#........#..#.รท...
########.##.#.####
#....#.....
#.####.#### ### ###


You could see an ice beast.

Vanquished Creatures
  Grinder (D:4)
  Sigmund (D:2)
  A phantom (D:4)
  A howler monkey (D:4)
  3 orc wizards (D:4)
  An orc priest (D:4)
  Natasha (twice) (D:2)
  2 worker ants (D:4)
  4 gnolls (D:4)
  2 adders (D:3)
  An adder skeleton (D:4)
  5 worms
  A dart slug (D:2)
  10 orcs
  6 bats
  6 giant cockroaches
  6 goblins
  8 hobgoblins
  6 jackals
  2 quokkas
  3 ball pythons (D:1)
  A ball python skeleton (D:4)
  3 frilled lizards
  7 kobolds
  7 rats
90 creatures vanquished.

Notes
Turn   | Place    | Note
-------+----------+-------------------------------------------
     0 | D:1      | Ivernyr the Gnoll Wizard began the quest for the Orb.
     0 | D:1      | Reached XP level 1. HP: 13/13 MP: 8/8
   301 | D:1      | Reached XP level 2. HP: 19/19 MP: 7/10
   345 | D:1      | Learned a level 2 spell: Blink
   692 | D:1      | Reached XP level 3. HP: 19/25 MP: 0/11
   783 | D:1      | Learned a level 3 spell: Conjure Flame
   787 | D:1      | Learned a level 3 spell: Mephitic Cloud
   907 | D:1      | Found a snail-covered altar of Cheibriados.
   958 | D:1      | Became a worshipper of Cheibriados the Contemplative
  1226 | D:2      | Noticed Sigmund
  1241 | D:2      | Killed Sigmund
  1241 | D:2      | Reached skill level 1 in Fighting
  1241 | D:2      | Reached skill level 1 in Short Blades
  1241 | D:2      | Reached skill level 1 in Long Blades
  1241 | D:2      | Reached skill level 1 in Axes
  1241 | D:2      | Reached skill level 1 in Maces & Flails
  1241 | D:2      | Reached skill level 1 in Polearms
  1241 | D:2      | Reached skill level 1 in Staves
  1241 | D:2      | Reached skill level 1 in Slings
  1241 | D:2      | Reached skill level 1 in Bows
  1241 | D:2      | Reached skill level 1 in Crossbows
  1241 | D:2      | Reached skill level 1 in Throwing
  1241 | D:2      | Reached skill level 1 in Armour
  1241 | D:2      | Reached skill level 1 in Shields
  1241 | D:2      | Reached skill level 1 in Unarmed Combat
  1241 | D:2      | Reached skill level 1 in Hexes
  1241 | D:2      | Reached skill level 1 in Charms
  1241 | D:2      | Reached skill level 1 in Necromancy
  1241 | D:2      | Reached skill level 1 in Transmutations
  1241 | D:2      | Reached skill level 1 in Fire Magic
  1241 | D:2      | Reached skill level 1 in Ice Magic
  1241 | D:2      | Reached skill level 1 in Air Magic
  1241 | D:2      | Reached skill level 1 in Earth Magic
  1241 | D:2      | Reached skill level 1 in Poison Magic
  1241 | D:2      | Reached skill level 1 in Invocations
  1241 | D:2      | Reached skill level 1 in Evocations
  1241 | D:2      | Reached XP level 4. HP: 18/32 MP: 1/13
  1241 | D:2      | Reached XP level 5. HP: 21/37 MP: 1/14
  1425 | D:2      | Found a hazy altar of Hepliaklqana.
  1600 | D:2      | Noticed Natasha
  1608 | D:2      | Killed Natasha
  1782 | D:2      | Reached XP level 6. HP: 44/44 MP: 16/16
  2017 | D:2      | Noticed Natasha
  2024 | D:2      | Killed Natasha
  2346 | D:3      | Reached * piety under Cheibriados
  2359 | D:3      | Found a radiant altar of Vehumet.
  2614 | D:3      | Found a glowing golden altar of the Shining One.
  3148 | D:3      | Found a radiant altar of Vehumet.
  3291 | D:3      | Found a glowing golden altar of the Shining One.
  3446 | D:4      | Reached skill level 5 in Dodging
  3690 | D:4      | Found a white marble altar of Elyvilon.
  4170 | D:4      | Noticed Grinder
  4190 | D:4      | Killed Grinder
  4190 | D:4      | Reached XP level 7. HP: 51/51 MP: 4/18
  4331 | D:4      | Reached skill level 5 in Stealth
  4602 | D:4      | Reached ** piety under Cheibriados
  5188 | D:5      | Entered Level 5 of the Dungeon
  5218 | D:4      | Mangled by an ice beast

Skill      XL: |  1  2  3  4  5  6  7 |
---------------+----------------------+-----
Conjurations   | 2 3 |  3.1
Summonings     | 2 3 |  3.1
Translocations | 2 3 |  3.1
Fighting       | 1 2 |  2.7
Short Blades   | 1 2 |  2.7
Long Blades    | 1 2 |  2.7
Axes           | 1 2 |  2.7
Maces & Flails | 1 2 |  2.7
Polearms       | 1 2 |  2.7
Staves         | 1 2 |  2.7
Slings         | 1 2 |  2.7
Bows           | 1 2 |  2.7
Crossbows      | 1 2 |  2.7
Throwing       | 1 2 |  2.7
Armour         | 1 2 |  2.7
Shields        | 1 2 |  2.7
Unarmed Combat | 1 2 |  2.7
Hexes          | 1 2 |  2.2
Charms         | 1 2 |  2.2
Necromancy     | 1 2 |  2.2
Transmutations | 1 2 |  2.2
Fire Magic     | 1 2 |  2.2
Ice Magic      | 1 2 |  2.2
Air Magic      | 1 2 |  2.2
Earth Magic    | 1 2 |  2.2
Poison Magic   | 1 2 |  2.2
Invocations    | 1 2 3 |  3.0
Evocations     | 1 2 |  2.7
Dodging        | 5 |  5.4
Stealth        | 5 |  5.0
Spellcasting   | |  7.7

Action                   |  1- 3 |  4- 6 |  7- 9 || total
-------------------------+-------+-------+-------++-------
Melee: Unarmed           |     2 |       |       ||     2
       Spear             |     7 |    37 |       ||    44
       Bite              |       |     7 |     4 ||    11
       Trident           |       |    34 |    24 ||    58
       Punch             |       |     1 |       ||     1
 Cast: Magic Dart        |    81 |    88 |    64 ||   233
       Mephitic Cloud    |     1 |     3 |     3 ||     7
       Conjure Flame     |     1 |     2 |     1 ||     4
       Blink             |       |       |     1 ||     1
 Stab: Sleeping          |       |     2 |       ||     2
       Confused          |       |     2 |       ||     2
       Distracted        |       |       |     1 ||     1
  Eat: Chunk             |     1 |     6 |     2 ||     9
Armor: Robe              |     8 |     2 |    10 ||    20
Dodge: Dodged            |    26 |    32 |    25 ||    83
